 Dungeon Crawl Stone Soup version 0.26-a0-683-g5206c1d7ac (webtiles) character file.

Game seed: 6500075724046509463

1418 grandjackal the Cleaver (level 8, -4/73 HPs)
             Began as a Hill Orc Monk on Oct 22, 2020.
             Was a Priest of Elyvilon.
             Slain by an ogre
             ... wielding a +0 giant spiked club
              (14 damage)
             ... on level 7 of the Dungeon.
             The game lasted 00:12:26 (9120 turns).

grandjackal the Cleaver (Hill Orc Monk)             Turns: 9120, Time: 00:12:27

Health: -4/73      AC:  8    Str: 14    XL:     8   Next: 71%
Magic:  17/21      EV: 10    Int: 12    God:    Elyvilon [***...]
Gold:   431        SH:  0    Dex: 13    Spells: 7/7 levels left

rFire    + + .     SeeInvis .   a - +0 hand axe
rCold    + . .     Faith    .   (no shield)
rNeg     . . .     Spirit   .   x - +0 scale mail
rPois    .         Reflect  .   (no helmet)
rElec    .         Harm     .   z - scarf {rC+ rF+}
rCorr    .         Rampage  .   (no gloves)
MR       .....                  r - +0 pair of boots
Stlth    ..........             (no amulet)
HPRegen  0.22/turn              o - ring of magical power
MPRegen  0.17/turn              j - ring of protection from fire

@: lightly drained
A: no striking features
a: Lesser Healing, Heal Other, Purification, Divine Protection, Renounce
Religion


You were on level 7 of the Dungeon.
You worshipped Elyvilon.
Elyvilon was most pleased with you.
You visited 1 branch of the dungeon, and saw 7 of its levels.
You also visited: Sewer.

You collected 431 gold pieces.

Inventory:

Hand Weapons
 a - a +0 hand axe (weapon)
 k - a +0 flail
 s - a +1 trident of protection
Missiles
 g - 18 poisoned darts (quivered)
Armour
 r - a +0 pair of boots (worn)
 x - a +0 scale mail (worn)
 z - a scarf of resistance (worn)
 B - a +0 plate armour
Jewellery
 j - a ring of protection from fire (right hand)
 o - a ring of magical power (left hand)
Wands
 m - a wand of digging (6)
Scrolls
 b - 5 scrolls of teleportation
 c - 2 scrolls of fog
 f - 2 scrolls of blinking {unknown}
 l - 5 scrolls of fear
 p - 2 scrolls of enchant weapon
 u - 2 scrolls of magic mapping {unknown}
 w - a scroll of amnesia {unknown}
 y - a scroll of remove curse
Potions
 d - 3 potions of brilliance
 e - a potion of lignification
 h - a potion of stabbing
 i - 2 potions of haste
 n - 5 potions of curing
 q - a potion of ambrosia
 t - 2 potions of magic
 v - a potion of flight


   Skills:
 + Level 7.4(6.8) Fighting
 + Level 8.1(7.5) Axes
 + Level 5.6(5.0) Armour
 - Level 2.4(1.9) Dodging
 - Level 1.5(1.0) Stealth
 + Level 6.1(5.5) Invocations


You had 7 spell levels left.
You didn't know any spells.
Your spell library was empty.

Dungeon Overview and Level Annotations

Branches:
Dungeon (7/15)             Temple (0/1) D:4           Sewer (visited)

Altars:
Elyvilon
Gozag
Hepliaklqana
Okawaru
Sif Muna
Uskayaw
Vehumet
Zin

Shops:
D:6 }=


Message History

The ogre hits you with a +0 giant spiked club!
You hit the ogre.
The ogre is heavily wounded.
You are healed.
The ogre hits you with a +0 giant spiked club!!
* * * LOW HITPOINT WARNING * * *
Unknown command.
You are healed.
You can no longer provide greater healing for yourself.
The ogre hits you with a +0 giant spiked club!!
You hit the ogre.
The ogre is severely wounded.
The ogre hits you with a +0 giant spiked club!!
* * * LOW HITPOINT WARNING * * *
You barely miss the ogre.
The ogre is heavily wounded.
You hit the ogre.
The ogre is severely wounded.
The ogre hits you with a +0 giant spiked club!
You die...

###### #....#
######### #..<.#
#.......# #....#
#.......# #....#
#.......#
##....######...)...#
...............O@..#
.)....########(#####
......# #.# ......#
#.# ......# #.#
..#..... ..#
......... ..#
........... ..
##..............#


You could see an ogre.

Vanquished Creatures
  2 ogres (D:4)
  2 centaurs
  2 big kobolds (Sewer)
  6 wights
  A bullfrog zombie (D:7)
  A bullfrog skeleton (D:5)
  A jelly (D:5)
  A hound (D:5)
  An orc priest (D:5)
  An orc wizard (D:6)
  A centaur skeleton (D:5)
  5 worker ants
  A hound zombie (D:6)
  2 hound skeletons
  A howler monkey skeleton (D:6)
  19 adders
  2 shadow imps
  A white imp (D:7)
  An ufetubus (D:5)
  2 oozes
  2 worms (Sewer)
  4 dart slugs
  3 leopard geckos
  14 orcs
  3 ball pythons (Sewer)
  5 giant cockroaches
  10 goblins
  8 hobgoblins
  5 jackals
  4 quokkas
  4 bats
  5 frilled lizards
  12 kobolds
  9 rats
141 creatures vanquished.

Notes
Turn   | Place    | Note
-------+----------+-------------------------------------------
     0 | D:1      | grandjackal the Hill Orc Monk began the quest for the Orb.
     0 | D:1      | Reached XP level 1. HP: 19/19 MP: 1/1
   339 | D:1      | Reached XP level 2. HP: 27/27 MP: 2/2
   381 | D:1      | Reached skill level 1 in Armour
   992 | D:2      | Found a radiant altar of Vehumet.
  1146 | D:2      | Reached XP level 3. HP: 30/33 MP: 3/3
  1655 | D:2      | Reached XP level 4. HP: 29/41 MP: 4/4
  2017 | D:2      | Reached skill level 5 in Axes
  2448 | D:3      | Found a white marble altar of Elyvilon.
  2451 | D:3      | Found an iron altar of Okawaru.
  2454 | D:3      | Found a hide-covered altar of Uskayaw.
  2466 | D:3      | Became a worshipper of Elyvilon the Healer
  2466 | D:3      | Reached * piety under Elyvilon
  2466 | D:3      | Reached ** piety under Elyvilon
  3068 | D:3      | Reached skill level 1 in Invocations
  3094 | D:3      | Reached XP level 5. HP: 40/47 MP: 5/5
  3597 | D:4      | Noticed an ogre
  3646 | D:4      | Found an opulent altar of Gozag.
  3684 | D:4      | Noticed an ogre
  4021 | D:4      | Killed an ogre
  4021 | D:4      | Reached skill level 5 in Fighting
  4021 | D:4      | Reached XP level 6. HP: 19/56 MP: 5/7
  4743 | D:4      | Reached skill level 6 in Axes
  4829 | D:4      | Found a staircase to the Ecumenical Temple.
  4945 | D:4      | Found a shimmering blue altar of Sif Muna.
  4957 | D:5      | Entered Level 5 of the Dungeon
  5093 | D:5      | Reached XP level 7. HP: 51/62 MP: 9/9
  5103 | D:5      | Reached *** piety under Elyvilon
  5111 | D:5      | Found a glowing drain.
  5163 | Sewer    | Entered a sewer
  6593 | D:5      | Reached skill level 7 in Axes
  7051 | D:5      | Found a hazy altar of Hepliaklqana.
  7112 | D:5      | Found a glowing silver altar of Zin.
  7328 | D:5      | Reached **** piety under Elyvilon
  7337 | D:5      | Reached XP level 8. HP: 59/71 MP: 11/11
  7508 | D:5      | Reached skill level 5 in Invocations
  7796 | D:6      | Found Amoekk's Gadget Emporium.
  7914 | D:6      | Reached skill level 5 in Armour
  7985 | D:6      | Found Addi's Jewellery Shop.
  9029 | D:7      | Reached skill level 8 in Axes
  9120 | D:7      | Slain by an ogre

Illustrated notes

Levels and vault maps discovered:
D:1:      minmay_arrival_jagged, layout_basic
D:2:      layout_loops_cross, nicolae_overflow_crystal_walls
D:3:      layout_loops_corners, grunt_temple_overflow_diamond
D:4:      layout_rooms, overflow_temple_1_default, led_sif_pool,
          minmay_temple_entry_slanted, grunt_decor_arrowhead
D:5:      layout_basic, zin_scriptorium, kennysheep_mini, gup_sewer_entry_glass,
          minmay_misc_feat_encased
D:6:      layout_loops_ring, serial_shops, shop_coins, nicolae_shop_trees
D:7:      layout_rooms, makhleb_altar_promises_db, marbit_many_paths,
          serial_shops, shop, chequers_serial_rivers_micro_d,
          minmay_misc_feat_tiny

Skill      XL: |  1  2  3  4  5  6  7  8 |
---------------+-------------------------+-----
Armour         | 1 2 3 4 5 |  5.6
Fighting       | 4 5 6 7 |  7.4
Axes           | 5 6 7 8 |  8.1
Invocations    | 1 2 3 4 6 |  6.1
Dodging        | |  2.4
Stealth        | |  1.5

Action                   |  1- 3 |  4- 6 |  7- 9 || total
-------------------------+-------+-------+-------++-------
Melee: Hand axe          |   137 |   199 |   387 ||   723
Throw: Dart              |       |       |    16 ||    16
Invok: Lesser Healing    |       |     1 |       ||     1
       Greater Healing   |       |       |     2 ||     2
Evoke: Wand              |       |       |     1 ||     1
  Use: Scroll            |     7 |       |     9 ||    16
       Potion            |       |       |     4 ||     4
 Stab: Sleeping          |     4 |     4 |       ||     8
Armor: Robe              |    20 |    10 |       ||    30
       Leather armour    |       |    24 |    39 ||    63
       Scale mail        |       |       |   115 ||   115
Dodge: Dodged            |    99 |   153 |   184 ||   436

Table legend: (Time is in decaauts)
 A = Elapsed time spent in this place.
 B = Non-inter-level travel time spent in this place.
 C = Inter-level travel time spent in this place.
 D = Time resting spent in this place.
 E = Time spent auto-exploring this place.
 F = Levels seen in this place.
 G = Mean time per level.
                   A        B        C        D        E       F      G
               +--------+--------+--------+--------+--------+-----+--------+
         Total |   9236 |   9015 |    221 |   3258 |   3701 |   8 | 1154.5 |
       Dungeon |   8120 |   7899 |    221 |   2632 |   3645 |   7 | 1160.0 |
         Sewer |   1116 |   1116 |      0 |    626 |     56 |   1 | 1116.0 |
               +--------+--------+--------+--------+--------+-----+--------+

Top non-repeatable levels by time:
     D:3: 2253 daAuts
     D:5: 1674 daAuts
     D:6: 1294 daAuts
     D:2: 1146 daAuts
   Sewer: 1116 daAuts
     D:1: 1014 daAuts
     D:4: 563 daAuts
     D:7: 174 daAuts
